 Dungeon Crawl Stone Soup version 0.21-a0-509-gecc5317 (webtiles) character file.

46 BingusPrime the Charmwright (level 3, 0/28 HPs)
             Began as a Merfolk Skald on Nov 30, 2017.
             Slain by a gnoll
             ... wielding a +0 spear
              (3 damage)
             ... on level 2 of the Dungeon.
             The game lasted 00:05:47 (1368 turns).

BingusPrime the Charmwright (Merfolk Skald)         Turns: 1368, Time: 00:05:48

Health: 0/28       AC:  3    Str: 11    XL:     3   Next: 66%
Magic:  1/6        EV: 12    Int: 12    God:
Gold:   60         SH:  0    Dex: 14    Spells: 3/6 levels left

rFire    . . .     SeeInvis .   a - +0 falchion
rCold    . . .     Gourm    .   (no shield)
rNeg     . . .     Faith    .   b - +0 leather armour
rPois    .         Spirit   .   (no helmet)
rElec    .         Reflect  .   (no cloak)
rCorr    .         Harm     .   (no gloves)
MR       .....                  (no boots)
Stlth    +.........             (no amulet)
HPRegen  0.09/turn              (no ring)
MPRegen  0.10/turn              (no ring)

@: infused, very slightly contaminated
A: change form in water, swift swim, stealthy swim
a: no special abilities


You were on level 2 of the Dungeon.
You were not hungry.

You visited 1 branch of the dungeon, and saw 3 of its levels.

You collected 60 gold pieces.

Inventory:

Hand Weapons
 a - a +0 falchion (weapon)
Armour
 b - a +0 leather armour (worn)
Jewellery
 e - an uncursed ring of fire {unknown}
 l - a +5 ring of dexterity {unknown}
Scrolls
 f - 3 scrolls of remove curse {unknown}
 h - 3 scrolls of identify {unknown}
 j - a scroll of enchant weapon {unknown}
 m - a scroll of amnesia {unknown}
Potions
 g - 4 potions of curing {unknown}
 k - a potion of flight {unknown}
Books
 c - a book of Battle

   Spells                             Type                      Level
   a - Infusion                       Charms                       1
   b - Shroud of Golubria             Charms/Translocation         2
   c - Song of Slaying                Charms                       2
   d - Spectral Weapon                Hexes/Charms                 3
   e - Regeneration                   Charms/Necromancy            3
Comestibles
 d - 2 bread rations
 i - 2 fruits


   Skills:
 + Level 2.6 Fighting
 + Level 2.7 Long Blades
 + Level 1.2 Armour
 + Level 2.9 Dodging
 + Level 2.1 Spellcasting
 + Level 3.7 Charms


You had 3 spell levels left.
You knew the following spells:

 Your Spells              Type           Power        Failure   Level  Hunger
a - Infusion              Chrm           ##..         8%          1    ##.....
b - Shroud of Golubria    Chrm/Tloc      #.........   26%         2    ###....


Dungeon Overview and Level Annotations

Branches:
Dungeon (3/15)

Altars:


Message History

You climb upwards.
The gnoll completely misses you.
You riposte.
You hit the gnoll but do no damage. The gnoll hits you with a spear.
The kobold hits you with a short sword. The gnoll hits you with a whip.
There is a stone staircase leading down here.
Casting: Shroud of Golubria
Confirm with . or Enter, or press ? or * to list all spells.
You begin infusing your attacks with magical energy.
The gnoll hits you with a spear! The kobold closely misses you.
The gnoll barely misses you.
You riposte.
You barely miss the gnoll. You hit the kobold.
You kill the kobold!
The gnoll closely misses you. The gnoll hits you but does no damage.
The gnoll hits you with a spear!
* * * LOW HITPOINT WARNING * * *
You hit the gnoll.
The gnoll is moderately wounded.
The gnoll hits you with a whip.
* * * LOW HITPOINT WARNING * * *
The gnoll hits you with a spear.
You die...

........# ........#
........# ........#
###.##### #.# ##
#.. .#
#################.#
................@)#
#######.########gg#
#.# #..# #.# #..#
#.# #..# #.. #...
... ....# ## ...
#.... .#


You could see 2 gnolls.

Vanquished Creatures
  A gnoll (D:3)
  2 dart slugs (D:1)
  A leopard gecko (D:1)
  2 giant cockroaches (D:1)
  7 goblins
  2 hobgoblins
  2 bats (D:1)
  A frilled lizard (D:1)
  6 kobolds
  6 rats (D:1)
30 creatures vanquished.

Notes
Turn   | Place    | Note
-------+----------+-------------------------------------------
     0 | D:1      | BingusPrime the Merfolk Skald began the quest for the Orb.
     0 | D:1      | Reached XP level 1. HP: 16/16 MP: 3/3
   119 | D:1      | Reached XP level 2. HP: 23/23 MP: 0/5
   318 | D:1      | Learned a level 2 spell: Shroud of Golubria
   528 | D:1      | Reached XP level 3. HP: 23/28 MP: 6/6
  1043 | D:2      | HP: 1/28 [gnoll/spear (2)]
  1090 | D:3      | Reached skill level 1 in Armour
  1368 | D:2      | Slain by a gnoll

Vault maps used:
D:1:      minmay_arrival_solitary_statue
D:2:      cheibrodos_helix_gallery, chequers_ecumenical_altar_simple,
          elyvilon_altar_5, uniq_robin
D:3:      first_bread, minmay_ogre_servants, uniq_crazy_yiuf_cottage,
          uniq_sigmund

Skill      XL: |  1  2  3 |
---------------+----------+-----
Armour         | 1 |  1.2
Fighting       | |  2.6
Long Blades    | |  2.7
Dodging        | |  2.9
Spellcasting   | |  2.1
Charms         | |  3.7

Action                   || total
-------------------------++-------
Melee: Falchion          ||    92
 Cast: Infusion          ||     9
       Shroud of Golubri ||     5
  Use: Scroll            ||     1
 Stab: Sleeping          ||     1
  Eat: Chunk             ||     2
Armor: Leather armour    ||    30
Dodge: Dodged            ||    58
       Rpst.: Falchion   ||    17

Table legend:
 A = Spawn XP
 B = Non-spawn XP
 C = Spawn XP percentage of total XP
 D = Spawn monster count
 E = Non-spawn monster count
 F = Spawn count percentage of total count
 G = Total turns spent on level
                    A         B        C        D         E        F      G
               +---------+---------+-------+---------+---------+-------+---------
         Total |       0 |      66 |   0.0 |       0 |      30 |   0.0 |  1368
               +---------+---------+-------+---------+---------+-------+---------
           D:1 |       0 |      40 |   0.0 |       0 |      22 |   0.0 |   957
           D:2 |       0 |      12 |   0.0 |       0 |       7 |   0.0 |   131
           D:3 |       0 |      14 |   0.0 |       0 |       1 |   0.0 |   280
               +---------+---------+-------+---------+---------+-------+---------
